 Dungeon Crawl Stone Soup version 0.28-a0-779-g3d1f99b579 (webtiles) character file.

Game seed: 9709615957754618235

23 croobank the Conjurer (level 3, -1/24 HPs)
             Began as a Human Conjurer on Nov 2, 2021.
             Killed from afar by Natasha (8 damage)
             ... with a magic dart
             ... on level 2 of the Dungeon.
             The game lasted 00:10:41 (2065 turns).

croobank the Conjurer (Human Conjurer)              Turns: 2065, Time: 00:10:42

Health: -1/24      AC:  3    Str:  8    XL:     3   Next: 10%
Magic:  1/6        EV: 12    Int: 18    God:
Gold:   106        SH:  0    Dex: 11    Spells: 1/6 levels left

rFire   . . .      SeeInvis .   l - +0 hand axe
rCold   . . .      Faith    .   (no shield)
rNeg    . . .      Spirit   .   a - +0 robe
rPois   .          Reflect  .   (no helmet)
rElec   .          Harm     .   (no cloak)
rCorr   .          Rampage  .   e - +0 pair of gloves
Will    .....                   (no boots)
Stlth   ++........              (no amulet)
HPRegen 0.08/turn               (no ring)
MPRegen 0.10/turn               (no ring)

@: slowed, very slow
A: no striking features
a: no special abilities


You were on level 2 of the Dungeon.
You visited 1 branch of the dungeon, and saw 2 of its levels.

You collected 106 gold pieces.

Inventory:

Hand Weapons
 h - a +0 dagger
 j - a +0 short sword
 l - a +0 hand axe (weapon)
 m - a +0 spear
 r - a +0 falchion
Missiles
 i - 34 stones
 p - 8 poisoned darts
Armour
 a - a +0 robe (worn)
 b - a +0 ring mail
 d - a +0 leather armour
 e - a +0 pair of gloves (worn)
 q - a +0 chain mail
Jewellery
 c - an amulet of faith
Scrolls
 s - a scroll of fog {unknown}
Potions
 k - 2 potions of curing {unknown}
 n - a potion of heal wounds {unknown}
 o - a potion of brilliance {unknown}


   Skills:
 + Level 0.2 Fighting
 + Level 0.1 Axes
 + Level 2.0 Dodging
 + Level 2.2 Stealth
 + Level 2.2 Spellcasting
 + Level 4.5 Conjurations


You had one spell level left.
You knew the following spells:

 Your Spells              Type           Power      Damage    Failure   Level
a - Magic Dart            Conj           72%        1d6       2%          1
b - Searing Ray           Conj           36%        2d5       4%          2
c - Ensorcelled Hibernat  Hex/Ice        4%         N/A       26%         2

Your spell library contained the following spells:

 Spells                   Type           Power      Damage    Failure   Level
 Dazzling Flash           Conj/Hex       20%        N/A       22%         3
 Blink                    Tloc           4%         N/A       26%         2
 Lesser Beckoning         Tloc           2%         N/A       47%         3
 Tukima's Dance           Hex            2%         N/A       47%         3
 Fulminant Prism          Conj/Hex       5%         3d7       56%         4
 Iskenderun's Mystic Bla  Conj/Tloc      10%        2d4       56%         4
 Manifold Assault         Tloc           2%         N/A       99%         5


Dungeon Overview and Level Annotations

Branches:
Dungeon (2/15)

Altars:

Shops:
D:1 :   D:2 =

Annotations:
D:2 Natasha


Message History

Natasha claws you!
Aiming: Magic Dart (safe; 2% risk of failure)
Press: ? - help, Q - select action, (/) - cycle Shift-Dir - straight line, f/p - Natasha
Aim: Natasha (moderately wounded, 100% to hit)
The magic dart hits Natasha.
Natasha is heavily wounded.
Natasha wildly gestures.
Natasha glows brightly for a moment.
Natasha closely misses you.
Aiming: Magic Dart (safe; 2% risk of failure)
Press: ? - help, Q - select action, (/) - cycle Shift-Dir - straight line, f/p - Natasha
Aim: Natasha (heavily wounded, 100% to hit)
The magic dart hits Natasha.
Natasha is severely wounded.
Natasha claws you.
Aiming: Magic Dart (safe; 2% risk of failure)
Press: ? - help, Q - select action, (/) - cycle Shift-Dir - straight line, f/p - Natasha
Aim: Natasha (severely wounded, 100% to hit)
The magic dart hits Natasha.
Natasha is severely wounded.
Natasha completely misses you.
Aiming: Magic Dart (safe; 2% risk of failure)
Press: ? - help, Q - select action, (/) - cycle Shift-Dir - straight line, f/p - Natasha
Aim: Natasha (severely wounded, 100% to hit)
The magic dart hits Natasha but does no damage.
Natasha is severely wounded.
Natasha claws you but does no damage.
Aiming: Magic Dart (safe; 2% risk of failure)
Press: ? - help, Q - select action, (/) - cycle Shift-Dir - straight line, f/p - Natasha
Aim: Natasha (severely wounded, 100% to hit)
The magic dart hits Natasha.
Natasha is almost dead.
Natasha claws you!
* * * LOW HITPOINT WARNING * * *
Natasha casts a spell at you.
You feel yourself slow down.
There is a stone staircase leading down here.
Natasha casts a spell at you. The magic dart hits you!
You die...

...# #...#..##.##.........##...
..# ###.....##.####.......#####
............................'....
.............##.####.......#####
.............#.# #.......#
..........#.#.# #.......#
.........#.h.####.......#
........##..##.....##### #######
#.@.+.....# #####.....# ##'####
#.# #.# # #.# # #.############
#.#..........' #.#.##########


You could see Natasha.

Vanquished Creatures
  2 ball pythons (D:1)
  2 bats
  2 endoplasms (D:2)
  A giant cockroach (D:2)
  2 goblins
  3 hobgoblins
  A quokka (D:1)
  A frilled lizard (D:2)
  3 kobolds
  3 rats
20 creatures vanquished.

Notes
Turn   | Place    | Note
-------+----------+-------------------------------------------
     0 | D:1      | croobank the Human Conjurer began the quest for the Orb.
     0 | D:1      | Reached XP level 1. HP: 13/13 MP: 3/3
   351 | D:1      | Reached XP level 2. HP: 16/19 MP: 1/5
   650 | D:1      | Found Laerixa's Book Shoppe.
   737 | D:1      | Learned a level 2 spell: Searing Ray
   740 | D:1      | Learned a level 2 spell: Ensorcelled Hibernation
  1214 | D:2      | Found Luich's Jewellery Shoppe.
  1407 | D:2      | Reached XP level 3. HP: 21/24 MP: 4/6
  1629 | D:2      | Found a faded altar of an unknown god.
  1753 | D:2      | Noticed Natasha
  2065 | D:2      | Killed from afar by Natasha

Illustrated notes

Levels and vault maps discovered:
D:1:      lightli_iron_boxes, layout_rooms, serial_shops, shop,
          dk_noncrumbling_2
D:2:      layout_basic, hellmonk_ecumenical_altar_crossroads, serial_shops,
          nicolae_shop_waterfront, bh_walls_and_bars, uniq_natasha

Action                   || total
-------------------------++-------
Melee: Unarmed           ||    10
       Hand axe          ||    22
       Short sword       ||     5
       Dagger            ||     1
 Cast: Magic Dart        ||    42
  Use: Scroll            ||     2
       Potion            ||     1
Armor: Robe              ||     8
Dodge: Dodged            ||    30

Table legend: (Time is in decaauts)
 A = Elapsed time spent in this place.
 B = Non-inter-level travel time spent in this place.
 C = Inter-level travel time spent in this place.
 D = Time resting spent in this place.
 E = Time spent auto-exploring this place.
 F = Levels seen in this place.
 G = Mean time per level.
                   A        B        C        D        E       F      G
               +--------+--------+--------+--------+--------+-----+--------+
         Total |   2071 |   2044 |     27 |    349 |   1292 |   2 | 1035.5 |
       Dungeon |   2071 |   2044 |     27 |    349 |   1292 |   2 | 1035.5 |
               +--------+--------+--------+--------+--------+-----+--------+

Top non-repeatable levels by time:
     D:1: 1128 daAuts
     D:2: 942 daAuts
